 Dungeon Crawl Stone Soup version 0.28.0-43-g3370ac3207 (webtiles) character file.

Game seed: 5672900607212002531

4573 pkoi the Charlatan (level 9, -1/72 HPs)
             Began as a Demigod Artificer on Mar 29, 2022.
             Slain by a two-headed ogre
             ... wielding a +0 giant spiked club
              (37 damage)
             ... on level 8 of the Dungeon.
             The game lasted 00:22:51 (15367 turns).

pkoi the Charlatan (Demigod Artificer)             Turns: 15367, Time: 00:22:52

Health: -1/72      AC:  7    Str: 13    XL:     9   Next: 98%
Magic:  17/18      EV: 13    Int: 31    God:
Gold:   473        SH:  0    Dex: 14    Spells: 7/15 levels left

rFire   . . .      SeeInvis .   i - +1 whip (elec)
rCold   . . .      Faith    .   (no shield)
rNeg    . . .      Spirit   .   y - +3 leather armour
rPois   .          Reflect  .   (no helmet)
rElec   .          Harm     .   (no cloak)
rCorr   .          Rampage  .   k - +0 pair of gloves
Will    +....                   (no boots)
Stlth   +.........              (no amulet)
HPRegen 0.22/turn               v - +6 ring of intelligence
MPRegen 0.16/turn               t - ring of willpower

@: no status effects
A: high MP 1, forlorn, divine attributes
a: no special abilities


You were on level 8 of the Dungeon.
You visited 2 branches of the dungeon, and saw 10 of its levels.

You collected 501 gold pieces.
You spent 28 gold pieces at shops.

Inventory:

Hand Weapons
 a - a +0 club
 f - a +3 dagger of venom
 i - a +1 whip of electrocution (weapon)
 o - a +2 vampiric dagger
Missiles
 j - 12 poisoned darts
Armour
 b - a +0 leather armour
 k - a +0 pair of gloves (worn)
 y - a +3 leather armour (worn)
Magical Staves
 m - a staff of conjuration
Jewellery
 h - a ring of protection from cold
 t - a ring of willpower (right hand)
 u - a ring of fire
 v - a +6 ring of intelligence (left hand)
 w - the ring "Fomeulua" {Fire Str+4 Int+3 Dex-5}
   (You found it on level 8 of the Dungeon)

   [ring of fire]

   It enhances your fire magic.
   Str:       It affects your strength (+4).
   Int:       It affects your intelligence (+3).
   Dex:       It affects your dexterity (-5).
   rF:        It protects you from fire.
   rC:        It makes you vulnerable to cold.
Wands
 c - a wand of flame (6)
 d - a wand of charming (6)
 n - a wand of mindburst (4)
 x - a wand of polymorph (9)
 B - a wand of acid (4)
Scrolls
 p - a scroll of teleportation
 q - 2 scrolls of enchant weapon
 r - a scroll of identify
Potions
 g - a potion of magic
 l - a potion of attraction
 s - a potion of heal wounds
 z - a potion of curing
 A - a potion of invisibility
 C - a potion of cancellation {unknown}
Miscellaneous
 e - a piece from Xom's chessboard (15/15)


   Skills:
 + Level 4.7 Fighting
 + Level 2.3 Armour
 + Level 4.7 Dodging
 - Level 0.8 Stealth
 + Level 5.3 Unarmed Combat
 + Level 3.9 Spellcasting
 + Level 4.3 Conjurations
 + Level 3.7 Hexes
 - Level 3.0 Air Magic
 - Level 3.0 Poison Magic
 + Level 6.1 Evocations


You had 7 spell levels left.
You knew the following spells:

 Your Spells              Type           Power      Damage    Failure   Level
a - Magic Dart            Conj           100%       1d8       1%          1
b - Poisonous Vapours     Pois/Air       48%        N/A       3%          2
c - Fulminant Prism       Conj/Hex       15%        3d11      16%         4
d - Apportation           Tloc           12%        N/A       8%          1

Your spell library contained the following spells:

 Spells                   Type           Power      Damage    Failure   Level
 Searing Ray              Conj           64%        2d6       1%          2
 Tukima's Dance           Hex            29%        N/A       4%          3
 Corpse Rot               Necr/Air       30%        N/A       6%          2
 Animate Skeleton         Necr           12%        N/A       8%          1
 Summon Small Mammal      Summ           24%        N/A       8%          1
 Frozen Ramparts          Ice            12%        1d3       24%         3
 Anguish                  Hex/Necr       8%         N/A       36%         4
 Ice Form                 Ice/Tmut       6%         N/A       61%         4
 Summon Ice Beast         Ice/Summ       6%         N/A       61%         4
 Enfeeble                 Hex            14%        N/A       100%        7


Dungeon Overview and Level Annotations

Branches:
Dungeon (9/15)             Temple (1/1) D:4
   Lair: D:8-11         Orc: D:9-12

Shops:
D:2 [   D:3 *   D:8 (

Annotations:
D:3 Grinder


Innate Abilities, Weirdness & Mutations

You have an increased reservoir of magic. (+10% MP)
You shall have no god before yourself.
Your divine heritage dramatically boosts your attributes as you level up.


Message History

You open the door.
A two-headed ogre comes into view.
It is wielding a +0 giant spiked club and a +0 giant club.
The two-headed ogre shouts in stereo!
You hear two shouts!
A two-headed ogre comes into view.
It is wielding a +0 giant spiked club and a +0 great mace.
There is an open door here.
The two-headed ogre barely misses you.
The two-headed ogre hits you with a +0 giant club!!
* * * LOW HITPOINT WARNING * * *
There is an open door, spattered with blood here.
There is an open door here.
Casting: Poisonous Vapours (safe; 3% risk of failure)
Confirm with . or Enter, or press ? or * to list all spells.
Okay, then.
Casting: Poisonous Vapours (safe; 3% risk of failure)
Confirm with . or Enter, or press ? or * to list all spells.
Aiming: Fulminant Prism (dangerous; 16% risk of failure)
Press: ? - help, Dir - move target You conjure a prism of explosive energy!
A fulminant prism comes into view.
The two-headed ogre hits your fulminant prism with a +0 giant spiked club!!
Your fulminant prism detonates feebly.
There is a stone staircase leading up here.
You climb upwards.
There is a stone staircase leading down here.
Casting: Fulminant Prism (dangerous; 16% risk of failure)
Confirm with . or Enter, or press ? or * to list all spells.
Aiming: Poisonous Vapours (safe; 3% risk of failure)
Press: ? - help, Dir - move target, f - two-headed ogre
Aim: a two-headed ogre, wielding a +0 giant spiked club and a +0 giant club You miscast Poisonous Vapours.
You are very lightly contaminated with residual magic.
Nothing appears to happen.
The two-headed ogre hits you with a +0 giant spiked club!!
* * * LOW HITPOINT WARNING * * *
The two-headed ogre misses you.
Your magical contamination has completely faded away.
The two-headed ogre shouts in stereo!
The two-headed ogre hits you with a +0 giant spiked club!!!
Ouch! That really hurt!
You die...

....).......#.........#........##
.................##...#........'.
........#####.##.##...#........##
........#...#.##.##...#.Y......#
.......)#.#.#.....#####........#
........#.#.####.....##........#
........#.#..........##........#
........#......................#
........########@.......(..#'###
..............O..O...#######.#
......############.<.#######.#
..##### #................# ..#
#.###...########.# ..# #.#
#......######## ..# #.#
#...##........# ..#############
#.............# ..............#
#.............#


You could see 2 two-headed ogres.

Vanquished Creatures
  Pikel (D:9)
  A komodo dragon (D:8)
  Prince Ribbit (D:6)
  3 yaks (D:8)
  2 steam dragons
  Duvessa (D:5)
  A sky beast (D:7)
  3 orc warriors
  2 ogres
  2 centaurs
  A phantom (D:7)
  2 bullfrogs
  A wyvern zombie (D:7)
  Blork the orc (D:5)
  A water moccasin zombie (D:7)
  Dowan (D:5)
  4 wights
  5 killer bees
  An electric eel (D:7)
  A centaur zombie (D:8)
  3 orc priests
  A gnoll shaman (D:7)
  7 hounds
  A centaur skeleton (D:7)
  An iguana (D:6)
  A killer bee zombie (D:6)
  2 howler monkey zombies
  8 gnolls
  7 adders
  2 white imps (D:6)
  2 ufetubi
  An adder skeleton (D:4)
  2 worms (D:2)
  3 dart slugs (D:1)
  11 orcs
  8 bats
  4 endoplasms
  2 giant cockroaches (D:1)
  13 goblins
  6 hobgoblins
  8 jackals
  9 kobolds
  6 quokkas
  4 ball pythons
  4 frilled lizards
  5 rats
156 creatures vanquished.

Vanquished Creatures (collateral kills)
  3 vampire mosquitoes (D:9)
  3 killer bees (D:9)
  2 wights
  A white imp (D:7)
9 creatures vanquished.

Vanquished Creatures (others)
  A vampire mosquito (D:9)
  A water moccasin (D:7)
  4 wights
  A killer bee (D:9)
  A ball python (D:1)
  A fulminant prism (D:9)
9 creatures vanquished.

Grand Total: 174 creatures vanquished

Notes
Turn   | Place    | Note
-------+----------+-------------------------------------------
     0 | D:1      | pkoi the Demigod Artificer began the quest for the Orb.
     0 | D:1      | Reached XP level 1. HP: 15/15 MP: 3/3
    97 | D:1      | Reached skill level 3 in Evocations
   102 | D:1      | Reached skill level 1 in Unarmed Combat
   127 | D:1      | Reached XP level 2. HP: 18/22 MP: 4/4
  1286 | D:1      | Reached XP level 3. HP: 5/27 MP: 5/5
  1287 | D:1      | HP: 1/27 [poisoned by a goblin]
  2715 | D:2      | Reached XP level 4. HP: 18/34 MP: 6/6
  2913 | D:2      | Reached skill level 1 in Fighting
  3058 | D:2      | Reached skill level 1 in Dodging
  3314 | D:2      | Found Odivvoxi's Antique Armour Shop.
  3897 | D:3      | Reached skill level 4 in Evocations
  4158 | D:3      | Noticed Grinder
  4159 | D:3      | Paralysed by Grinder for 7 turns
  4407 | D:4      | Found a staircase to the Ecumenical Temple.
  4664 | Temple   | Entered the Ecumenical Temple
  4854 | D:4      | Reached XP level 5. HP: 40/40 MP: 7/7
  5409 | D:3      | Found Daqyujos's General Store.
  5417 | D:3      | Bought a scroll of identify for 28 gold pieces
  5773 | D:5      | Entered Level 5 of the Dungeon
  5826 | D:5      | Learned a level 1 spell: Magic Dart
  5847 | D:5      | Noticed a centaur
  5854 | D:5      | Killed a centaur
  6026 | D:5      | Reached XP level 6. HP: 42/48 MP: 9/9
  6187 | D:5      | Noticed Duvessa
  6188 | D:5      | Noticed Dowan
  6204 | D:5      | Killed Duvessa
  6205 | D:5      | Reached skill level 1 in Spellcasting
  6205 | D:5      | Reached skill level 1 in Conjurations
  6485 | D:5      | Killed Dowan
  6833 | D:5      | Noticed Blork the orc
  6842 | D:5      | Killed Blork the orc
  6843 | D:5      | Reached XP level 7. HP: 54/56 MP: 12/12
  7264 | D:6      | Learned a level 2 spell: Poisonous Vapours
  7269 | D:6      | Learned a level 4 spell: Fulminant Prism
  7324 | D:6      | Noticed a steam dragon
  7331 | D:6      | Killed a steam dragon
  7632 | D:6      | Reached skill level 1 in Poison Magic
  7768 | D:6      | Reached skill level 1 in Air Magic
  8546 | D:6      | Noticed Prince Ribbit
  8566 | D:6      | Killed Prince Ribbit
  8567 | D:6      | Reached skill level 1 in Hexes
  8567 | D:6      | Reached skill level 5 in Evocations
  8567 | D:6      | Reached XP level 8. HP: 25/63 MP: 9/14
  9343 | D:7      | HP: 2/63 [something (6)]
  9694 | D:7      | HP: 3/63 [poisoned by a killer bee]
  9699 | D:7      | HP: 1/63 [poisoned by a killer bee]
 10885 | D:7      | Learned a level 1 spell: Apportation
 11515 | D:7      | Noticed a cyclops
 11786 | D:7      | Noticed a slime creature
 12143 | D:8      | Noticed a komodo dragon
 12186 | D:8      | Killed a komodo dragon
 12187 | D:8      | Reached XP level 9. HP: 63/71 MP: 7/16
 12352 | D:8      | Found Buacybao's Antique Weapon Boutique.
 12382 | D:8      | Identified the ring "Fomeulua" {Fire Str+4 Int+3 Dex-5}
 13336 | D:8      | Noticed a two-headed ogre
 13800 | D:7      | HP: 2/71 [slime creature (20)]
 14240 | D:8      | Reached skill level 5 in Unarmed Combat
 14701 | D:9      | Reached skill level 6 in Evocations
 15012 | D:9      | Noticed Pikel
 15036 | D:9      | Killed Pikel
 15310 | D:9      | Noticed a two-headed ogre
 15310 | D:9      | Noticed a two-headed ogre
 15367 | D:8      | Slain by a two-headed ogre

Illustrated notes

Levels and vault maps discovered:
D:1:      minmay_arrival_plants_in_alcoves, layout_basic
D:2:      minmay_evil_eye, layout_basic, serial_shops, shop,
          palyth_stone_intersect, corexii_shack
D:3:      minmay_inner_zag, layout_loops_ring, serial_shops, shop,
          dilly_ecumenical_altar_fadedgnrine, nicolae_figureground_sparkle,
          uniq_grinder
D:4:      layout_rooms, mainiacjoe_overflow_six_doors_small,
          minmay_temple_entry_junction
D:5:      layout_basic, mainiacjoe_overflow_catwalk, uniq_blork_the_orc,
          uniq_duvessa
D:6:      layout_gridville, nicolae_qazlal_scattered_showers, bh_walls_and_bars,
          uniq_prince_ribbit1
D:7:      kennysheep_big_flooded_room, layout_basic, nicolae_vehumet_radiance,
          mainiacjoe_overflow_small_starburst, kennysheep_generic_room_3
D:8:      layout_basic, kennysheep_okawaru_gauntlet, serial_shops, shop,
          kennysheep_generic_room_15
D:9:      layout_roguey, uniq_pikel
Temple:   compressed_dpeg_triangle_lava_temple

Skill      XL: |  1  2  3  4  5  6  7  8  9 |
---------------+----------------------------+-----
Evocations     | 3 4 5 6 |  6.1
Unarmed Combat | 1 2 3 4 5 |  5.3
Fighting       | 1 2 3 4 |  4.7
Dodging        | 1 2 3 4 |  4.7
Spellcasting   | 1 2 3 |  3.9
Conjurations   | 1 2 3 4 |  4.3
Poison Magic   | 1 2 3 |  3.0
Air Magic      | 1 2 3 |  3.0
Hexes          | 1 2 3 |  3.7
Armour         | 2 |  2.3
Stealth        | |  0.8

Action                   |  1- 3 |  4- 6 |  7- 9 || total
-------------------------+-------+-------+-------++-------
Melee: Club              |    95 |       |       ||    95
       Punch             |     2 |     1 |     6 ||     9
       Dagger            |    46 |   168 |   127 ||   341
       Whip              |       |       |    50 ||    50
 Cast: Poisonous Vapours |       |       |    73 ||    73
       Magic Dart        |       |       |    64 ||    64
       Fulminant Prism   |       |       |     1 ||     1
Evoke: Wand              |     7 |     2 |    14 ||    23
  Use: Scroll            |     1 |     6 |     5 ||    12
       Potion            |     1 |       |     3 ||     4
 Stab: Sleeping          |     1 |       |       ||     1
Armor: Leather armour    |    61 |    55 |    57 ||   173
Dodge: Dodged            |   114 |   105 |   161 ||   380
